Map: Oxide LE

Players

TIME (Oliveira) - Winner!

  • Race: Terran Terran
  • League: Grandmaster

SpeCial

  • Race: Terran Terran
  • League: Master

Event: TSL 7

VOD

Have the link to the VOD?

Description

Time

  • Played on: June 19, 2021, 12:50 p.m.
  • Length: 7:43

All games in this series

Show
View Real Time Build Order
Export as new Build Order

TIME Terran - Winner!

Build Orders: Reaper Expand 

Get SALT Encoding   

  12  0:00  SCV  
  13  0:12  SCV  
  14  0:17  Supply Depot  
  14  0:24  SCV  
  15  0:38  SCV  
  15  0:41  Barracks  
  16  0:44  Refinery  
  16  0:50  SCV  
  17  1:02  SCV  
  18  1:15  SCV  
  19  1:28  Reaper, Orbital Command  
  20  1:41  Command Center  
  20  1:49  Supply Depot  
  20  1:54  SCV  
  20  2:00  Marine  
  22  2:06  SCV  
  23  2:10  Factory  
  23  2:16  Bunker  
  23  2:20  SCV  
  24  2:23  Barracks Reactor  
  24  2:28  Refinery  
  24  2:32  SCV  
  25  2:44  SCV  
  26  2:52  Orbital Command  
  26  2:54  Hellion  
  26  2:56  SCV  
  29  2:59  Starport  
  29  3:00  Marine  
  29  3:01  Marine  
  31  3:08  SCV  
  32  3:16  Factory Tech Lab  
  32  3:18  SCV, Marine  
  32  3:19  Marine  
  35  3:20  SCV  
  35  3:24  Supply Depot  
  36  3:30  SCV  
  36  3:32  SCV  
  38  3:36  Marine  
  38  3:37  Marine  
  38  3:40  Factory Tech Lab  
  40  3:43  SCV, Raven  
  40  3:44  SCV  
  44  3:54  Marine  
  44  3:55  SCV, Marine  
  47  3:56  SCV  
  47  3:57  Supply Depot  
  47  4:01  Cyclone  
  51  4:07  SCV  
  51  4:08  SCV  
  53  4:13  Command Center  
  53  4:20  SCV, Supply Depot  
  53  4:21  SCV  
  53  4:24  Barracks  
  55  4:32  SCV, Barracks  
  55  4:35  Starport Reactor  
  55  4:36  Marine, Stimpack  
  57  4:39  SCV  
  57  4:42  Refinery  
  57  4:44  Refinery  
  57  4:45  SCV  
  59  4:51  SCV  
  60  4:53  Supply Depot, Siege Tank  
  60  4:54  Marine  
  60  4:57  SCV  
  65  5:03  SCV  
  66  5:09  SCV  
  66  5:12  Marine x2  
  66  5:13  Marine  
  70  5:15  SCV  
  70  5:17  Engineering Bay  
  70  5:18  Engineering Bay  
  70  5:19  Medivac x2  
  70  5:21  Marine  
  76  5:24  SCV  
  76  5:27  SCV  
  78  5:29  Marine  
  78  5:30  Orbital Command  
  78  5:35  Siege Tank  
  82  5:38  Marine  
  82  5:39  Marine  
  82  5:42  Marine  
  85  5:46  Terran Infantry Armor Level 1  
  89  5:57  Marine x3  
  89  5:58  Medivac x2  
  89  6:03  Barracks  
  92  6:04  Barracks  
  92  6:08  Marine  
  93  6:19  Marine  
  93  6:22  Marine  
  93  6:25  Supply Depot  
  93  6:26  Supply Depot  
  93  6:36  Marine  
  93  6:39  SCV  
  93  6:46  Marine x3, Siege Tank  
  93  6:54  Marine  
  93  6:55  Marine x2  
  93  6:57  Viking x2  
  99  7:03  SCV, Supply Depot  
  99  7:04  Marine  
  99  7:05  Supply Depot  
  100  7:13  Marine x2  
  102  7:20  Marine  
  95  7:25  Marine x2  
  95  7:29  SCV  
Show
View Real Time Build Order
Export as new Build Order

SpeCial Terran 

Build Orders: 1/1/1 

Get SALT Encoding   

  12  0:00  SCV  
  13  0:12  SCV  
  14  0:17  Supply Depot  
  14  0:24  SCV  
  15  0:38  SCV  
  15  0:40  Barracks  
  15  0:42  Refinery  
  16  0:50  SCV  
  16  0:53  Refinery  
  17  1:02  SCV  
  18  1:15  SCV  
  19  1:27  Reaper, Orbital Command  
  19  1:29  Supply Depot  
  20  1:41  Factory  
  20  1:53  SCV  
  21  1:59  Barracks Reactor  
  21  2:05  SCV  
  22  2:17  SCV  
  23  2:24  Command Center  
  23  2:29  Starport  
  23  2:32  SCV  
  24  2:41  Hellion  
  24  2:42  Hellion  
  28  2:48  Supply Depot  
  28  2:49  SCV  
  29  3:01  SCV  
  30  3:10  Hellion x2, Medivac  
  36  3:14  SCV  
  36  3:17  Barracks Tech Lab  
  37  3:26  SCV  
  38  3:28  Refinery  
  38  3:37  Orbital Command  
  38  3:38  SCV  
  38  3:41  Starport Tech Lab  
  39  3:46  Cyclone, Marine x2  
  44  3:50  SCV  
  45  4:00  Raven  
  45  4:02  SCV x2  
  49  4:08  Supply Depot  
  49  4:12  Marine x2  
  49  4:14  SCV x2  
  53  4:20  Starport  
  53  4:26  SCV  
  53  4:29  SCV  
  53  4:30  Siege Tank  
  58  4:35  Marine x2  
  58  4:38  SCV, Supply Depot  
  60  4:41  Refinery, SCV  
  62  4:55  Supply Depot  
  62  4:59  Raven  
  66  5:00  SCV x2, Supply Depot  
  66  5:08  Siege Tank  
  66  5:09  Marine  
  70  5:17  SCV x2, Viking  
  74  5:22  Viking  
  76  5:29  SCV  
  76  5:30  SCV  
  76  5:33  Supply Depot  
  78  5:40  Marine  
  78  5:41  SCV  
  78  5:42  Banshee, SCV, Supply Depot  
  84  5:53  SCV  
  84  5:55  Siege Tank  
  88  5:57  Viking, Supply Depot  
  88  6:04  Viking  
  92  6:05  Marine  
  92  6:09  SCV x2  
  95  6:11  Supply Depot  
  95  6:23  Marine  
  95  6:25  Viking  
  98  6:27  Viking  
  100  6:34  Viking  
  98  6:41  Marine  
  101  6:51  SCV  
  98  6:55  Viking  
  101  7:03  SCV  
  98  7:15  SCV  
  86  7:31  SCV  
Tags
 
Add a new tag
Caveats
  • Supply blocks, unpowered buildings, or Contaminate may cause inaccurate times.
  • Supply counts are checked every 10 seconds.